 Dungeon Crawl Stone Soup version 0.26-a0-490-gf8362a0c98 (webtiles) character file.

Game seed: 11553992749141585400

2355 Gargoyl the Skirmisher (level 9, -4/74 HPs)
             Began as a Gnoll Abyssal Knight on Aug 4, 2020.
             Was a Priest of Lugonu.
             Slain by an orc warrior
             ... wielding a +0 trident
              (17 damage)
             ... on level 6 of the Dungeon.
             The game lasted 00:11:00 (5430 turns).

Gargoyl the Skirmisher (Gnoll Abyssal Knight)       Turns: 5430, Time: 00:11:01

Health: -4/74      AC: 10    Str: 20    XL:     9   Next: 44%
Magic:  15/15      EV: 17    Int: 19    God:    Lugonu [***...]
Gold:   167        SH: 12    Dex: 26    Spells: 16/16 levels left

rFire    . . .     SeeInvis .   a - +6 hand axe
rCold    . . .     Faith    .   f - +0 buckler
rNeg     . . .     Spirit   .   w - +4 robe of Augmentation {Str+4 Int+4 Dex+4}
rPois    .         Reflect  +   (no helmet)
rElec    .         Harm     .   (no cloak)
rCorr    .                      (no gloves)
MR       .....                  (no boots)
Stlth    +++.......             g - amulet of reflection
HPRegen  0.22/turn              e - +4 ring of protection
MPRegen  0.14/turn              q - +6 ring of dexterity

@: lethally poisoned (-4 -> -7)
A: distributed training, fangs 1, strong nose
a: Depart the Abyss, Bend Space, Banish, Renounce Religion


You were on level 6 of the Dungeon.
You worshipped Lugonu.
Lugonu was most pleased with you.
You visited 1 branch of the dungeon, and saw 6 of its levels.
You visited the Abyss 1 time.

You collected 332 gold pieces.
You spent 165 gold pieces at shops.

Inventory:

Hand Weapons
 a - a +6 hand axe (weapon)
Missiles
 c - 3 silver javelins (quivered)
Armour
 f - a +0 buckler (worn)
 h - a +2 chain mail of cold resistance
 w - the +4 robe of Augmentation (worn) {Str+4 Int+4 Dex+4}
   (You found it on level 6 of the Dungeon)

   It affects your strength (+4).
   It affects your intelligence (+4).
   It affects your dexterity (+4).
Jewellery
 e - a +4 ring of protection (left hand)
 g - an amulet of reflection (around neck)
 i - an uncursed ring of protection from magic {unknown}
 k - an uncursed ring of protection from cold
 q - a +6 ring of dexterity (right hand)
Wands
 t - a wand of acid (11)
 y - a wand of random effects (13)
Scrolls
 j - 4 scrolls of teleportation
 l - 4 scrolls of identify
 p - a scroll of magic mapping
 r - 2 scrolls of remove curse
 s - a scroll of fog {unknown}
Potions
 b - 2 potions of haste
 m - 2 potions of stabbing
 n - 2 potions of flight {unknown}
 o - a potion of might {unknown}
 u - a potion of curing
 v - a potion of brilliance {unknown}
 x - a potion of magic {unknown}


   Skills:
 + Level 7.9 Fighting
 + Level 4.2 Short Blades
 + Level 4.2 Long Blades
 + Level 6.3 Axes
 + Level 4.2 Maces & Flails
 + Level 4.2 Polearms
 + Level 4.2 Staves
 + Level 4.2 Slings
 + Level 4.2 Bows
 + Level 4.2 Crossbows
 + Level 4.2 Throwing
 + Level 6.3 Armour
 + Level 5.0 Dodging
 + Level 4.2 Stealth
 + Level 4.2 Shields
 + Level 4.2 Unarmed Combat
 + Level 4.2 Spellcasting
 + Level 3.5 Conjurations
 + Level 3.5 Hexes
 + Level 3.5 Summonings
 + Level 3.5 Necromancy
 + Level 3.5 Translocations
 + Level 3.5 Transmutations
 + Level 3.5 Fire Magic
 + Level 3.5 Ice Magic
 + Level 3.5 Air Magic
 + Level 3.5 Earth Magic
 + Level 3.5 Poison Magic
 + Level 6.6 Invocations
 + Level 4.2 Evocations


You had 16 spell levels left.
You didn't know any spells.
Your spell library contained the following spells:

 Spells                   Type           Power        Failure   Level
 Beastly Appendage        Tmut           ###...       3%          1
 Wereblood                Tmut           ###.....     4%          2
 Spider Form              Tmut/Pois      ###.......   10%         3
 Ice Form                 Ice/Tmut       ###.....     32%         4
 Blade Hands              Tmut           ###.......   65%         5


Dungeon Overview and Level Annotations

Branches:
Dungeon (6/15)             Temple (0/1) D:4

Altars:
Ashenzari
Gozag
Kikubaaqudgha
Okawaru
Uskayaw
Vehumet

Shops:
D:4 *


Innate Abilities, Weirdness & Mutations

Your experience applies equally to all skills.
You have very sharp teeth.
Your uncanny sense of smell can sniff out nearby items.


Message History

Lugonu accepts your kill.
You closely miss the orc.
You feel sick. You block something's attack. The orc warrior misses you.
You block the orc's attack.
The orc warrior hits you with a +2 hand axe of venom.
* * * LOW HITPOINT WARNING * * *
Unknown command.
You feel better.
You hear some strange, mumbled words.
A magic dart appears from out of thin air!
The magic dart hits you.
* * * LOW HITPOINT WARNING * * *
The orc warrior hits you from afar with a +0 trident!
* * * LOW HITPOINT WARNING * * *
The orc hits you but does no damage.
You feel better.
The orc warrior hits you but does no damage.
You are poisoned.
Something hits you but does no damage.
The orc warrior hits you from afar with a +0 trident!
You die...

#..........)._...........
#.....#.##..○............
#.....#.###...○..........
#.#.###..######..........
#... ##.................
#..# #......###.....#..
#. #....#.########...
####o##)#....####..#.
#..{@##.# #........#.
......)o##.# #.....)..#.
.....o..##..##..........
......... #.#.........##
....=.... #...........#
.........##..#........#
.$.......##...........#
.........##.#.........#
##.....#.....##


You could see 2 orc warriors and an orc.

Vanquished Creatures
  Pikel (D:5)
  A deep elf mage (D:6)
  Sigmund (D:6)
  Menkaure (D:6)
  A black bear (D:6)
  2 ogres (D:4)
  A big kobold (D:5)
  2 bullfrogs (D:6)
  A scorpion (D:5)
  A water moccasin skeleton (D:5)
  A howler monkey (D:4)
  A quasit (D:4)
  A hound (D:4)
  A bullfrog skeleton (D:4)
  A centaur skeleton (D:4)
  A worker ant (D:5)
  4 orc wizards
  3 hound skeletons
  6 adders
  7 gnolls
  2 white imps
  An ufetubus (D:6)
  An adder skeleton (D:5)
  3 worms
  3 dart slugs
  A leopard gecko (D:3)
  20 orcs
  A ball python (D:4)
  9 bats
  3 giant cockroaches
  7 goblins
  8 hobgoblins
  10 jackals
  6 kobolds
  4 quokkas
  4 frilled lizards
  A leopard gecko skeleton (D:5)
  4 rats
126 creatures vanquished.

Vanquished Creatures (others)
  An orc (D:6)
1 creature vanquished.

Grand Total: 127 creatures vanquished

Notes
Turn   | Place    | Note
-------+----------+-------------------------------------------
     0 | Abyss:1  | Gargoyl the Gnoll Abyssal Knight began the quest for the
                  | Orb.
     0 | Abyss:1  | Reached XP level 1. HP: 23/23 MP: 3/3
     8 | Abyss:1  | Found a corrupted altar of Lugonu.
    61 | Abyss:2  | Noticed a thrashing horror
    62 | Abyss:2  | Noticed a thrashing horror
    67 | D:1      | Escaped the Abyss
   340 | D:1      | Reached XP level 2. HP: 27/29 MP: 5/5
   377 | D:1      | Reached * piety under Lugonu
   697 | D:1      | Reached XP level 3. HP: 34/35 MP: 6/6
  1329 | D:2      | Found a shattered altar of Ashenzari.
  1641 | D:2      | Found a faded altar of an unknown god.
  1667 | D:2      | Reached skill level 1 in Short Blades
  1667 | D:2      | Reached skill level 1 in Long Blades
  1667 | D:2      | Reached skill level 1 in Maces & Flails
  1667 | D:2      | Reached skill level 1 in Polearms
  1667 | D:2      | Reached skill level 1 in Staves
  1667 | D:2      | Reached skill level 1 in Slings
  1667 | D:2      | Reached skill level 1 in Bows
  1667 | D:2      | Reached skill level 1 in Crossbows
  1667 | D:2      | Reached skill level 1 in Throwing
  1667 | D:2      | Reached skill level 1 in Stealth
  1667 | D:2      | Reached skill level 1 in Shields
  1667 | D:2      | Reached skill level 1 in Unarmed Combat
  1667 | D:2      | Reached skill level 1 in Spellcasting
  1667 | D:2      | Reached skill level 1 in Evocations
  1764 | D:2      | Reached XP level 4. HP: 39/41 MP: 7/7
  1890 | D:3      | Reached skill level 1 in Conjurations
  1890 | D:3      | Reached skill level 1 in Hexes
  1890 | D:3      | Reached skill level 1 in Summonings
  1890 | D:3      | Reached skill level 1 in Necromancy
  1890 | D:3      | Reached skill level 1 in Translocations
  1890 | D:3      | Reached skill level 1 in Transmutations
  1890 | D:3      | Reached skill level 1 in Fire Magic
  1890 | D:3      | Reached skill level 1 in Ice Magic
  1890 | D:3      | Reached skill level 1 in Air Magic
  1890 | D:3      | Reached skill level 1 in Earth Magic
  1890 | D:3      | Reached skill level 1 in Poison Magic
  2211 | D:3      | Reached ** piety under Lugonu
  2733 | D:4      | Reached XP level 5. HP: 39/47 MP: 8/8
  2853 | D:4      | Noticed an ogre
  2857 | D:4      | Killed an ogre
  2857 | D:4      | Reached skill level 5 in Invocations
  2857 | D:4      | Reached XP level 6. HP: 53/53 MP: 9/9
  2891 | D:4      | Reached skill level 5 in Axes
  2891 | D:4      | Reached skill level 5 in Armour
  3003 | D:4      | Found Olenar's General Store.
  3008 | D:4      | Bought a +1 chain mail of cold resistance for 165 gold
                  | pieces
  3183 | D:4      | Reached XP level 7. HP: 55/59 MP: 10/10
  3258 | D:4      | Found a staircase to the Ecumenical Temple.
  3464 | D:4      | Reached skill level 7 in Fighting
  3641 | D:4      | Found an opulent altar of Gozag.
  3642 | D:4      | Found a hide-covered altar of Uskayaw.
  3721 | D:4      | Reached *** piety under Lugonu
  3785 | D:4      | Found an iron altar of Okawaru.
  3882 | D:5      | Entered Level 5 of the Dungeon
  4057 | D:5      | Noticed Pikel
  4089 | D:5      | Killed Pikel
  4089 | D:5      | Reached XP level 8. HP: 48/67 MP: 12/12
  4368 | D:5      | Found an ancient bone altar of Kikubaaqudgha.
  4675 | D:6      | Noticed Menkaure
  4681 | D:6      | Found the +4 robe of Augmentation {Str+4 Int+4 Dex+4}
  4684 | D:6      | Killed Menkaure
  4882 | D:6      | Found a radiant altar of Vehumet.
  4985 | D:6      | Noticed Sigmund
  4994 | D:5      | Found a shattered altar of Ashenzari.
  5023 | D:6      | Killed Sigmund
  5023 | D:6      | Reached XP level 9. HP: 72/72 MP: 14/14
  5076 | D:6      | Noticed a deep elf mage
  5109 | D:6      | Killed a deep elf mage
  5109 | D:6      | Reached skill level 5 in Dodging
  5429 | D:6      | HP: 3/74 [orc warrior/+0 trident (14)]
  5430 | D:6      | Slain by an orc warrior

Illustrated notes

Levels and vault maps discovered:
D:1:      tarquinn_simple_flora_water_d, layout_loops_cross
D:2:      layout_loops_ring, nicolae_overflow_hidden_temple,
          chequers_ecumenical_altar_island, kennysheep_path_1
D:3:      layout_basic, st_stairs_6
D:4:      layout_gridville, lemuel_coloured_pillars_altar,
          chequers_temple_overflow_statue_of_worship,
          minmay_temple_entry_enclosed_plants, serial_shops,
          kennysheep_little_box, minmay_bisected
D:5:      lemuel_upstairs_altar, layout_rooms, serial_rivers,
          chequers_serial_rivers_marsh, chequers_serial_rivers_room_b,
          chequers_serial_rivers_micro_b, chequers_serial_rivers_micro_c,
          tgw_kikubaaqudgha, uniq_pikel
D:6:      layout_rooms, fiery_altar_vehumet, guppyfry_early_elven_hall,
          uniq_sigmund, uniq_menkaure

Skill      XL: |  1  2  3  4  5  6  7  8  9 |
---------------+----------------------------+-----
Short Blades   | 1 2 3 4 |  4.2
Long Blades    | 1 2 3 4 |  4.2
Maces & Flails | 1 2 3 4 |  4.2
Polearms       | 1 2 3 4 |  4.2
Staves         | 1 2 3 4 |  4.2
Slings         | 1 2 3 4 |  4.2
Bows           | 1 2 3 4 |  4.2
Crossbows      | 1 2 3 4 |  4.2
Throwing       | 1 2 3 4 |  4.2
Stealth        | 1 2 3 4 |  4.2
Shields        | 1 2 3 4 |  4.2
Unarmed Combat | 1 2 3 4 |  4.2
Spellcasting   | 1 2 3 4 |  4.2
Evocations     | 1 2 3 4 |  4.2
Conjurations   | 1 2 3 |  3.5
Hexes          | 1 2 3 |  3.5
Summonings     | 1 2 3 |  3.5
Necromancy     | 1 2 3 |  3.5
Translocations | 1 2 3 |  3.5
Transmutations | 1 2 3 |  3.5
Fire Magic     | 1 2 3 |  3.5
Ice Magic      | 1 2 3 |  3.5
Air Magic      | 1 2 3 |  3.5
Earth Magic    | 1 2 3 |  3.5
Poison Magic   | 1 2 3 |  3.5
Dodging        | 3 4 5 |  5.0
Invocations    | 5 6 |  6.6
Axes           | 5 6 |  6.3
Armour         | 5 6 |  6.3
Fighting       | 7 |  7.9

Action                   |  1- 3 |  4- 6 |  7- 9 || total
-------------------------+-------+-------+-------++-------
Melee: Hand axe          |    90 |   109 |   170 ||   369
       Bite              |     6 |     7 |    19 ||    32
Throw: Javelin           |       |     4 |     3 ||     7
Invok: Depart the Abyss  |     1 |       |       ||     1
  Use: Scroll            |     4 |     8 |     1 ||    13
       Potion            |     1 |       |     5 ||     6
 Stab: Sleeping          |     2 |       |     2 ||     4
Armor: Leather armour    |    23 |       |       ||    23
       Chain mail        |       |    67 |    61 ||   128
       Robe              |       |       |    18 ||    18
Dodge: Dodged            |    57 |    29 |    67 ||   153
Block: Other             |    11 |       |       ||    11
       Reflection        |     1 |     3 |     6 ||    10
       Buckler           |    18 |    43 |   113 ||   174

Table legend: (Time is in decaauts)
 A = Elapsed time spent in this place.
 B = Non-inter-level travel time spent in this place.
 C = Inter-level travel time spent in this place.
 D = Time resting spent in this place.
 E = Time spent auto-exploring this place.
 F = Levels seen in this place.
 G = Mean time per level.
                   A        B        C        D        E       F      G
               +--------+--------+--------+--------+--------+-----+--------+
         Total |   5455 |   5315 |    140 |    714 |   3492 |   8 |  681.9 |
       Dungeon |   5389 |   5249 |    140 |    714 |   3452 |   6 |  898.2 |
         Abyss |     66 |     66 |      0 |      0 |     40 |   2 |   33.0 |
               +--------+--------+--------+--------+--------+-----+--------+

Top non-repeatable levels by time:
     D:4: 1164 daAuts
     D:1: 968 daAuts
     D:3: 932 daAuts
     D:5: 798 daAuts
     D:2: 769 daAuts
     D:6: 755 daAuts
 Abyss:2: 37 daAuts
 Abyss:1: 29 daAuts
